[ AOE2 MATCH · #506781322 ]
UnrankedBerbers vs Franks
Player's team · LOSS
Rival team · WIN
[ REPLAY ANALYSIS · EXTRACTED FROM THE RECORDED GAME ]
Feudal
8:25
Castle
22:14
Imperial
—
| APM avg | 70.2 |
| APM peak | 105 |
| eAPM avg | 25.5 |
| Villagers / military | 82 / 45 |
Focus
⚔️ 31.1% · 🌾 68.9%
Genitour ×24 · Archer ×11 · Scout Cavalry ×6 · Mangonel ×3 · Skirmisher ×1
Feudal
12:11
Castle
17:27
Imperial
—
| APM avg | 70.2 |
| APM peak | 98 |
| eAPM avg | 33.8 |
| Villagers / military | 101 / 68 |
Focus
⚔️ 47.3% · 🌾 52.7%
Archer ×33 · Skirmisher ×24 · Knight ×5 · Militia ×4 · Spearman ×2
Match map
Initial resources + every placement click. Lines = walls · curves = elevation contours. ◆ gold · ⬟ stone · ● berries · ✦ relic · ◌ wall gap
Your base· Open — unwalled flank
hK | Keno_'s base· ✓ Closed at 17:27 · 42t walls · 1 gate(s)
Smoothed initial terrain · ◌ = detected wall gap · hover for details
Inputs per minute
— Bubbagump - - hK | Keno_
Build order — Bubbagump
First 150 of 221 actions detected
| 0:00 | Queue | Villager (Male) |
| 0:00 | Queue | Villager (Male) |
| 0:01 | Queue | Villager (Male) |
| 0:01 | Build | House |
| 0:02 | Build | House |
| 0:09 | Queue | Villager (Male) |
| 0:09 | Queue | Villager (Male) |
| 1:24 | Queue | Villager (Male) |
| 1:57 | Build | Lumber Camp |
| 1:59 | Queue | Villager (Male) |
| 1:59 | Queue | Villager (Male) |
| 2:18 | Queue | Villager (Male) |
| 2:51 | Queue | Villager (Male) |
| 2:51 | Queue | Villager (Male) |
| 2:54 | Queue | Villager (Male) |
| 3:35 | Build | House |
| 3:37 | Queue | Villager (Male) |
| 3:43 | Queue | Villager (Male) |
| 3:43 | Queue | Villager (Male) |
| 3:59 | Queue | Villager (Male) |
| 4:40 | Build | Mill |
| 4:45 | Queue | Villager (Male) |
| 5:05 | Queue | Villager (Male) |
| 5:42 | Research | Loom |
| 6:09 | Research | Feudal Age |
| 7:02 | Queue | Villager (Male) |
| 7:38 | Build | Barracks |
| 7:59 | Queue | Villager (Male) |
| 8:12 | Queue | Villager (Male) |
| 8:13 | Queue | Villager (Male) |
| 8:15 | Queue | Villager (Male) |
| 8:25 | Age | Feudal Age |
| 8:58 | Build | Stable |
| 9:02 | Build | House |
| 9:03 | Queue | Villager (Male) |
| 9:09 | Queue | Villager (Male) |
| 9:33 | Build | House |
| 9:38 | Queue | Scout Cavalry |
| 9:47 | Research | Double-Bit Axe |
| 9:47 | Queue | Villager (Male) |
| 10:02 | Build | Farm |
| 10:06 | Build | Palisade Wall |
| 10:06 | Build | Palisade Wall |
| 10:11 | Queue | Scout Cavalry |
| 10:23 | Build | Farm |
| 10:24 | Queue | Villager (Male) |
| 10:42 | Queue | Scout Cavalry |
| 11:03 | Build | Farm |
| 11:04 | Build | Farm |
| 11:05 | Queue | Villager (Male) |
| 11:21 | Queue | Scout Cavalry |
| 11:27 | Build | Farm |
| 11:40 | Queue | Villager (Male) |
| 11:41 | Build | Farm |
| 12:04 | Queue | Villager (Male) |
| 12:20 | Build | Archery Range |
| 12:21 | Queue | Villager (Male) |
| 12:31 | Queue | Villager (Male) |
| 12:47 | Build | House |
| 12:51 | Queue | Scout Cavalry |
| 12:54 | Build | Palisade Wall |
| 13:10 | Queue | Archer |
| 13:16 | Queue | Villager (Male) |
| 13:18 | Build | Mining Camp |
| 13:22 | Build | Farm |
| 13:40 | Queue | Villager (Male) |
| 13:45 | Build | Farm |
| 13:47 | Queue | Skirmisher |
| 13:58 | Build | House |
| 14:04 | Queue | Villager (Male) |
| 14:16 | Queue | Archer |
| 14:21 | Build | House |
| 14:33 | Research | Horse Collar |
| 14:38 | Queue | Scout Cavalry |
| 14:46 | Build | Farm |
| 14:55 | Queue | Villager (Male) |
| 15:02 | Build | House |
| 15:03 | Queue | Archer |
| 15:18 | Queue | Villager (Male) |
| 15:31 | Build | Farm |
| 15:34 | Build | House |
| 15:38 | Queue | Villager (Male) |
| 15:38 | Queue | Archer |
| 15:48 | Build | Farm |
| 15:57 | Queue | Villager (Male) |
| 16:23 | Build | Blacksmith |
| 16:36 | Queue | Archer |
| 16:37 | Queue | Villager (Male) |
| 16:52 | Build | House |
| 17:07 | Queue | Villager (Male) |
| 17:14 | Queue | Archer |
| 17:19 | Build | Lumber Camp |
| 17:27 | Queue | Villager (Male) |
| 17:27 | Queue | Archer |
| 17:32 | Build | House |
| 17:55 | Queue | Villager (Male) |
| 18:18 | Queue | Villager (Male) |
| 18:19 | Queue | Archer |
| 18:21 | Build | House |
| 18:34 | Build | House |
| 18:38 | Queue | Villager (Male) |
| 18:38 | Queue | Archer |
| 18:46 | Build | Market |
| 18:52 | Build | House |
| 19:11 | Queue | Villager (Male) |
| 19:11 | Queue | Archer |
| 19:29 | Build | Farm |
| 19:30 | Build | Farm |
| 19:34 | Research | Castle Age |
| 19:35 | Research | Castle Age |
| 19:37 | Build | House |
| 19:42 | Build | Farm |
| 19:53 | Build | Watch Tower |
| 20:07 | Build | House |
| 20:09 | Build | House |
| 20:20 | Queue | Archer |
| 20:24 | Queue | Villager (Male) |
| 20:46 | Build | Archery Range |
| 20:58 | Queue | Villager (Male) |
| 21:12 | Build | Lumber Camp |
| 21:23 | Research | Fletching |
| 21:27 | Research | Padded Archer Armor |
| 21:52 | Build | Farm |
| 21:52 | Build | Farm |
| 21:56 | Build | Farm |
| 21:56 | Build | Farm |
| 21:58 | Build | Farm |
| 22:14 | Age | Castle Age |
| 22:16 | Queue | Genitour |
| 22:17 | Queue | Genitour |
| 22:19 | Research | Fletching |
| 22:23 | Build | Palisade Wall |
| 22:41 | Queue | Genitour |
| 22:41 | Queue | Genitour |
| 23:03 | Queue | Genitour |
| 23:04 | Queue | Genitour |
| 23:36 | Queue | Villager (Male) |
| 23:41 | Research | Leather Archer Armor |
| 23:54 | Build | Farm |
| 24:03 | Queue | Genitour |
| 24:03 | Queue | Genitour |
| 24:28 | Queue | Genitour |
| 24:43 | Queue | Villager (Male) |
| 25:00 | Build | House |
| 25:01 | Build | House |
| 25:10 | Queue | Villager (Male) |
| 25:26 | Queue | Villager (Male) |
| 25:29 | Build | Town Center |
| 25:40 | Build | Palisade Wall |
| 25:47 | Queue | Villager (Male) |
Build order — hK | Keno_
First 150 of 301 actions detected
| 0:00 | Queue | Villager (Male) |
| 0:01 | Queue | Villager (Male) |
| 0:02 | Build | House |
| 0:03 | Build | House |
| 0:08 | Queue | Villager (Male) |
| 0:08 | Queue | Villager (Male) |
| 1:26 | Queue | Villager (Male) |
| 1:56 | Build | Lumber Camp |
| 2:01 | Queue | Villager (Male) |
| 2:15 | Queue | Villager (Male) |
| 2:15 | Queue | Villager (Male) |
| 2:34 | Queue | Villager (Male) |
| 3:05 | Queue | Villager (Male) |
| 3:41 | Queue | Villager (Male) |
| 3:41 | Queue | Villager (Male) |
| 3:53 | Build | House |
| 4:16 | Queue | Villager (Male) |
| 4:34 | Queue | Villager (Male) |
| 4:37 | Build | Barracks |
| 4:45 | Build | Barracks |
| 4:48 | Queue | Villager (Male) |
| 5:08 | Queue | Villager (Male) |
| 5:19 | Build | House |
| 5:34 | Queue | Villager (Male) |
| 5:40 | Queue | Militia |
| 5:42 | Queue | Militia |
| 5:42 | Queue | Militia |
| 6:03 | Queue | Villager (Male) |
| 6:10 | Build | Palisade Wall |
| 6:14 | Build | Mill |
| 6:17 | Queue | Villager (Male) |
| 6:25 | Queue | Militia |
| 6:35 | Queue | Villager (Male) |
| 6:36 | Queue | Villager (Male) |
| 6:45 | Queue | Villager (Male) |
| 6:53 | Queue | Villager (Male) |
| 6:56 | Build | Farm |
| 7:10 | Research | Loom |
| 7:12 | Build | House |
| 7:25 | Queue | Villager (Male) |
| 7:36 | Build | Farm |
| 7:48 | Build | Palisade Wall |
| 7:55 | Queue | Villager (Male) |
| 8:07 | Queue | Villager (Male) |
| 8:18 | Queue | Villager (Male) |
| 8:27 | Build | Farm |
| 9:12 | Build | Farm |
| 9:13 | Queue | Villager (Male) |
| 9:26 | Build | Palisade Wall |
| 9:33 | Build | Palisade Wall |
| 9:34 | Build | Palisade Wall |
| 9:41 | Research | Feudal Age |
| 10:06 | Build | Mining Camp |
| 10:10 | Build | Palisade Wall |
| 10:11 | Build | Palisade Wall |
| 11:24 | Build | Palisade Wall |
| 11:33 | Build | Farm |
| 11:39 | Build | Palisade Wall |
| 11:41 | Build | Palisade Wall |
| 11:42 | Build | Palisade Wall |
| 11:44 | Build | Palisade Wall |
| 11:46 | Build | Palisade Wall |
| 11:48 | Build | Palisade Wall |
| 11:53 | Build | Palisade Wall |
| 11:58 | Build | Palisade Wall |
| 12:03 | Build | Palisade Wall |
| 12:11 | Age | Feudal Age |
| 12:14 | Queue | Spearman |
| 12:15 | Build | House |
| 12:21 | Queue | Villager (Male) |
| 12:34 | Queue | Villager (Male) |
| 12:38 | Build | Archery Range |
| 12:42 | Queue | Villager (Male) |
| 12:44 | Build | Farm |
| 12:45 | Build | Farm |
| 13:01 | Queue | Spearman |
| 13:08 | Build | Palisade Gate |
| 13:10 | Build | Palisade Wall |
| 13:16 | Build | Palisade Wall |
| 13:21 | Queue | Villager (Male) |
| 13:34 | Build | Palisade Wall |
| 13:37 | Build | Palisade Wall |
| 13:48 | Queue | Villager (Male) |
| 13:50 | Build | Blacksmith |
| 14:19 | Build | Palisade Wall |
| 14:19 | Build | Palisade Wall |
| 14:20 | Build | Palisade Wall |
| 14:29 | Queue | Archer |
| 14:43 | Queue | Archer |
| 14:47 | Research | Castle Age |
| 14:47 | Research | Castle Age |
| 14:54 | Build | Farm |
| 15:21 | Queue | Archer |
| 15:25 | Build | Archery Range |
| 15:39 | Research | Fletching |
| 15:42 | Build | Farm |
| 15:49 | Queue | Archer |
| 15:56 | Build | House |
| 16:25 | Build | House |
| 16:26 | Queue | Archer |
| 16:26 | Queue | Archer |
| 16:34 | Queue | Archer |
| 17:26 | Build | Palisade Wall |
| 17:27 | Age | Castle Age |
| 17:29 | Research | Crossbowman (upgrade) |
| 17:31 | Queue | Villager (Male) |
| 17:39 | Build | Farm |
| 17:41 | Build | Farm |
| 17:45 | Queue | Archer |
| 17:45 | Queue | Archer |
| 17:51 | Queue | Villager (Male) |
| 17:53 | Build | House |
| 18:26 | Queue | Archer |
| 18:27 | Queue | Villager (Male) |
| 18:43 | Build | Farm |
| 18:44 | Build | Farm |
| 18:46 | Build | Farm |
| 18:53 | Research | Bodkin Arrow |
| 18:57 | Queue | Villager (Male) |
| 18:58 | Queue | Villager (Male) |
| 18:59 | Queue | Archer |
| 18:59 | Queue | Archer |
| 19:14 | Queue | Archer |
| 19:24 | Queue | Villager (Male) |
| 19:37 | Queue | Villager (Male) |
| 19:45 | Queue | Villager (Male) |
| 19:50 | Build | House |
| 19:56 | Queue | Archer |
| 19:56 | Queue | Archer |
| 20:22 | Queue | Archer |
| 20:36 | Queue | Villager (Male) |
| 20:38 | Queue | Archer |
| 20:41 | Queue | Archer |
| 20:41 | Queue | Archer |
| 20:46 | Queue | Villager (Male) |
| 20:52 | Queue | Villager (Male) |
| 21:01 | Queue | Archer |
| 21:02 | Queue | Villager (Male) |
| 21:08 | Build | Town Center |
| 21:15 | Queue | Archer |
| 21:17 | Queue | Villager (Male) |
| 21:20 | Build | House |
| 21:32 | Research | Double-Bit Axe |
| 21:35 | Research | Town Watch |
| 21:37 | Build | House |
| 21:39 | Build | House |
| 21:53 | Queue | Villager (Male) |
| 22:02 | Queue | Villager (Male) |
| 22:17 | Queue | Villager (Male) |
| 22:20 | Queue | Archer |
Match timeline
| 4:37 | hK | Keno_ · first_building Barracks |
| 6:10 | hK | Keno_ · wall_segment Palisade Wall x2 |
| 7:38 | Bubbagump · first_building Barracks |
| 7:48 | hK | Keno_ · wall_segment Palisade Wall x3 |
| 8:25 | Bubbagump · age_up feudal |
| 8:58 | Bubbagump · first_building Stable |
| 9:26 | hK | Keno_ · wall_segment Palisade Wall x8 |
| 9:33 | hK | Keno_ · wall_segment Palisade Wall x1 |
| 9:34 | hK | Keno_ · wall_segment Palisade Wall x5 |
| 10:06 | Bubbagump · wall_segment Palisade Wall x1 |
| 10:06 | Bubbagump · wall_segment Palisade Wall x1 |
| 10:10 | hK | Keno_ · wall_segment Palisade Wall x2 |
| 10:11 | hK | Keno_ · wall_segment Palisade Wall x2 |
| 11:24 | hK | Keno_ · wall_segment Palisade Wall x4 |
| 11:39 | hK | Keno_ · wall_segment Palisade Wall x1 |
| 11:41 | hK | Keno_ · wall_segment Palisade Wall x1 |
| 11:42 | hK | Keno_ · wall_segment Palisade Wall x1 |
| 11:44 | hK | Keno_ · wall_segment Palisade Wall x1 |
| 11:46 | hK | Keno_ · wall_segment Palisade Wall x1 |
| 11:48 | hK | Keno_ · wall_segment Palisade Wall x1 |
| 11:53 | hK | Keno_ · wall_segment Palisade Wall x1 |
| 11:58 | hK | Keno_ · wall_segment Palisade Wall x1 |
| 12:03 | hK | Keno_ · wall_segment Palisade Wall x1 |
| 12:11 | hK | Keno_ · age_up feudal |
| 12:20 | Bubbagump · first_building Archery Range |
| 12:38 | hK | Keno_ · first_building Archery Range |
| 12:54 | Bubbagump · wall_segment Palisade Wall x1 |
| 13:10 | hK | Keno_ · wall_segment Palisade Wall x1 |
| 13:16 | hK | Keno_ · wall_segment Palisade Wall x1 |
| 13:34 | hK | Keno_ · wall_segment Palisade Wall x1 |
| 13:37 | hK | Keno_ · wall_segment Palisade Wall x1 |
| 14:19 | hK | Keno_ · wall_segment Palisade Wall x1 |
| 14:19 | hK | Keno_ · wall_segment Palisade Wall x1 |
| 14:20 | hK | Keno_ · wall_segment Palisade Wall x1 |
| 17:26 | hK | Keno_ · wall_segment Palisade Wall x1 |
| 17:27 | hK | Keno_ · age_up castle |
| 22:14 | Bubbagump · age_up castle |
| 22:23 | Bubbagump · wall_segment Palisade Wall x1 |
| 23:38 | Bubbagump · first_market_sell 100 wood |
| 25:27 | Bubbagump · first_market_buy 100 stone |
| 25:40 | Bubbagump · wall_segment Palisade Wall x1 |
| 27:33 | Bubbagump · first_building Siege Workshop |
| 31:26 | hK | Keno_ · first_market_buy 100 stone |
| 31:35 | hK | Keno_ · wall_segment Stone Wall x13 |
| 31:50 | hK | Keno_ · wall_segment Stone Wall x1 |
| 31:59 | hK | Keno_ · first_building Stable |
| 33:21 | Bubbagump · resign |
[ AI ANALYSIS · 1 CREDIT ]
What really happened in this match?
Wolo.gg analyzes every decision: build order, eco, micro, common mistakes by bracket. Personalized analysis on WhatsApp or Discord in 30 seconds.
Civ guide
Berbers
Perfil
Jugador #412636